MANCHESTER MONARCHS vs LIMOILOU WOLF PACK

Created - 7 décembre 2025 at 16:11

Goals
1 2 3 T
MANCHESTER MONARCHS 2 0 1 3
LIMOILOU WOLF PACK 0 0 1 1
Shots
1 2 3 T
MANCHESTER MONARCHS 14 9 5 28
LIMOILOU WOLF PACK 18 13 17 48

1st period

1. MANCHESTER MONARCHS , Nicholas Abruzzese 4 (Chase Wheatcroft 3) at 13:27
2. MANCHESTER MONARCHS , Grigori Denisenko 3 (Ryder Rolston 8, Ty Smith 5) at 18:58 (PP)

Penalties :
Noah Juulsen (MAN) for Interference (Minor) at 9:10, Mackenzie MacEachern (MAN) for High sticking (Minor) at 15:20, Dominik Shine (LIM) for Hooking (Minor) at 17:23

2nd period

No Goal

Penalties :
No Penalty

3rd period

3. MANCHESTER MONARCHS , Chase Wheatcroft 3 (David Gucciardi 5) at 10:50
4. LIMOILOU WOLF PACK , Vinni Lettieri 3 (Nicolas Aube-Kubel 9, Oskar Pettersson 4) at 15:01

Penalties :
Jackson van de Leest (LIM) for Interference (Minor) at 1:42, Noah Juulsen (MAN) for Holding Stick (Minor) at 15:23

Goalie Stats

Michael DiPietro (MAN), 47 saves from 48 shots - (0,979), W, 8-9-0, 60:00 minutes
Collin Delia (LIM), 25 saves from 28 shots - (0,893), L, 0-6-1, 60:00 minutes

Players Stats for MANCHESTER MONARCHS

Player Name              G  A  P  +/- PIM S  H  SB GA TA FO     MP     PP MP  PK MP  
------------------------------------------------------------------------------------
Blake Smith              0  0  0   1  0   0  8  2  0  0  0/0    16:51   0:00   0:45 
Chase Stillman           0  0  0   0  0   0  1  0  0  0  0/0     5:07   0:00   0:00 
Chase Wheatcroft         1  1  2   1  0   1  0  1  0  0  0/1    16:17   0:00   0:28 
Christoffer Sedoff       0  0  0   0  0   2  2  0  0  0  0/0    21:35   2:05   3:30 
Daniil Zhilkin           0  0  0   0  0   0  1  0  0  0  0/0     1:52   0:00   1:00 
David Gucciardi          0  1  1   1  0   0  0  4  0  0  0/0    16:40   0:34   0:00 
Grigori Denisenko        1  0  1   0  0   5  4  0  0  0  1/4    17:55   2:08   0:00 
Jamieson Rees            0  0  0   0  0   1  0  0  0  0  2/5     4:29   0:00   0:00 
Jared Davidson           0  0  0   0  0   5  0  1  0  0  13/30  23:39   1:26   3:34 
Kole Lind                0  0  0   0  0   0  0  0  0  0  0/0    19:24   1:26   3:34 
Mackenzie MacEachern     0  0  0   0  2   3  2  0  0  0  1/1    17:30   1:26   1:41 
Nicholas Abruzzese       1  0  1   1  0   1  0  0  0  0  10/19  16:03   0:00   0:00 
Noah Juulsen             0  0  0   0  4   2  5  4  0  0  0/0    20:25   1:29   0:56 
Roni Hirvonen            0  0  0   1  0   1  0  0  0  0  1/1    15:49   0:00   0:00 
Ryder Rolston            0  1  1   0  0   2  0  0  0  0  1/2    17:55   2:08   0:00 
Scooter Brickey          0  0  0   0  0   2  3  4  0  0  0/0    20:08   1:31   2:54 
Ty Smith                 0  1  1   0  0   0  0  2  0  0  0/0    22:03   1:29   3:03 
Tyler Madden             0  0  0   0  0   3  0  0  0  0  9/21   20:18   2:08   2:23 

Players Stats for LIMOILOU WOLF PACK

Player Name              G  A  P  +/- PIM S  H  SB GA TA FO     MP     PP MP  PK MP  
------------------------------------------------------------------------------------
Aidan Fulp               0  0  0   1  0   0  0  2  0  0  0/0    17:35   2:56   1:40 
Akil Thomas              0  0  0   0  0   7  0  0  0  0  1/3    20:16   2:36   1:42 
Cam McDonald             0  0  0  -1  0   1  0  1  0  0  0/0     3:33   0:00   0:00 
Chad Ruhwedel            0  0  0   0  0   1  0  1  0  0  0/0    21:08   3:01   1:54 
Charlie Wright           0  0  0  -1  0   1  0  2  0  0  0/0    13:45   0:00   0:34 
Colton Dach              0  0  0   0  0   4  3  1  0  0  0/4    22:55   2:36   1:40 
Dominik Shine            0  0  0  -1  2   2  4  1  0  0  2/3    15:21   0:35   0:20 
Jackson van de Leest     0  0  0  -1  2   0  2  0  0  0  0/0    13:10   0:00   0:00 
Jacob Perreault          0  0  0  -1  0   2  0  0  0  0  14/23  17:06   1:08   0:00 
Jeff Malott              0  0  0  -1  0   9  1  0  0  0  1/1    23:02   2:14   0:37 
Lukas Fischer            0  0  0   0  0   0  0  0  0  0  0/0     4:33   0:00   0:00 
Nicolas Aube-Kubel       0  1  1   0  0   4  2  0  0  0  0/0    22:13   2:47   0:00 
Nicolas Deslauriers      0  0  0   1  0   0  2  0  0  0  0/0    17:01   2:56   1:06 
Oskar Pettersson         0  1  1   1  0   0  0  0  0  0  0/0     4:18   0:33   0:32 
Philippe Daoust          0  0  0  -1  0   8  0  0  0  0  17/21  24:34   2:48   1:11 
Sebastien Aho            0  0  0   0  0   0  0  0  0  0  0/0    21:08   3:01   1:54 
Vincent Sevigny          0  0  0  -1  0   0  0  1  0  0  0/0     8:06   0:00   0:00 
Vinni Lettieri           1  0  1   0  0   9  1  4  0  0  11/29  26:40   2:34   1:06 

3 Stars

1 - Michael DiPietro (MAN)
2 - Chase Wheatcroft (MAN)
3 - Grigori Denisenko (MAN)

Power Play

MANCHESTER MONARCHS - 1 on 2 Attempt(s) - 50,00%
LIMOILOU WOLF PACK - 0 on 3 Attempt(s) - 0,00%

Penalty Kill

MANCHESTER MONARCHS - 3 on 3 Attempt(s) - 100,00% - Score 0 goal in Penalty Kill
LIMOILOU WOLF PACK - 1 on 2 Attempt(s) - 50,00% - Score 0 goal in Penalty Kill

Team Stat

MANCHESTER MONARCHS - Hits : 26 - Faceoff Wins : 38 - Blocked Shots : 18 - Penalty Minutes : 6
LIMOILOU WOLF PACK - Hits : 15 - Faceoff Wins : 46 - Blocked Shots : 13 - Penalty Minutes : 4

Official

Referees : Brandon Schrader and Kyle Rehman
Linesman : Greg Devorski and Brendan Lewis

Game Notes

Cam McDonald is injured at 1:49 of 2nd period (Bruised Left Leg)

MANCHESTER MONARCHS

5 vs 5 Forward 
   Center                   Left Wing                Right Wing               Time % Phy DF OF 
 1 Jared Davidson           Kole Lind                Mackenzie MacEachern     36     1   2  2  
 2 Tyler Madden             Ryder Rolston            Grigori Denisenko        31     1   2  2  
 3 Nicholas Abruzzese       Chase Wheatcroft         Roni Hirvonen            23     1   2  2  
 4 Jamieson Rees            Chase Stillman           Jared Davidson           10     1   2  2  

5 vs 5 Defense 
   Defense                  Defense                                           Time % Phy DF OF 
 1 Noah Juulsen             Ty Smith                                          36     1   2  2  
 2 Christoffer Sedoff       Scooter Brickey                                   31     1   2  2  
 3 David Gucciardi          Blake Smith                                       23     1   2  2  
 4 Noah Juulsen             Ty Smith                                          10     1   2  2  

PowerPlay Forward 
   Center                   Left Wing                Right Wing               Time % Phy DF OF 
 1 Jared Davidson           Kole Lind                Mackenzie MacEachern     55     1   2  2  
 2 Tyler Madden             Ryder Rolston            Grigori Denisenko        45     1   2  2  

PowerPlay Defense
   Defense                  Defense                                           Time % Phy DF OF 
 1 Noah Juulsen             Ty Smith                                          55     1   2  2  
 2 Christoffer Sedoff       Scooter Brickey                                   45     1   2  2  

Penalty Kill 4 Players Forward 
   Center                   Wing                     Time % Phy DF OF 
 1 Jared Davidson           Kole Lind                55     1   2  2  
 2 Mackenzie MacEachern     Tyler Madden             45     1   2  2  

Penalty Kill 4 Players Defense
   Defense                  Defense                  Time % Phy DF OF 
 1 Noah Juulsen             Ty Smith                 55     1   2  2  
 2 Christoffer Sedoff       Scooter Brickey          45     1   2  2  

Penalty Kill - 3 Players Forward 
   Forward                                           Time % Phy DF OF 
 1 Jared Davidson                                    55     1   2  2  
 2 Kole Lind                                         45     1   2  2  

Penalty Kill - 3 Players Defense
   Defense                  Defense                  Time % Phy DF OF 
 1 Noah Juulsen             Ty Smith                 55     1   2  2  
 2 Christoffer Sedoff       Scooter Brickey          45     1   2  2  

4 vs 4 Forward 
   Center                   Wing                     Time % Phy DF OF 
 1 Jared Davidson           Kole Lind                55     1   2  2  
 2 Mackenzie MacEachern     Tyler Madden             45     1   2  2  

4 vs 4 Defense
   Defense                  Defense                  Time % Phy DF OF 
 1 Noah Juulsen             Ty Smith                 55     1   2  2  
 2 Christoffer Sedoff       Scooter Brickey          45     1   2  2  

Last Minutes Offensive
   Center                   Left Wing                Right Wing               Defense                  Defense                  
   Jared Davidson           Kole Lind                Mackenzie MacEachern     Noah Juulsen             Ty Smith                 

Last Minutes Defensive
   Center                   Left Wing                Right Wing               Defense                  Defense                  
   Jared Davidson           Kole Lind                Mackenzie MacEachern     Noah Juulsen             Ty Smith                 

Goaltenders
Starting : Michael DiPietro         
Backup : Drew Commesso            

Extra Forwards
Normal : Daniil Zhilkin, Nicholas Abruzzese, Chase Wheatcroft - PP : Daniil Zhilkin, Nicholas Abruzzese - PK : Chase Wheatcroft
Extra Defensemen
Normal : David Gucciardi, Blake Smith, Christoffer Sedoff - PP : David Gucciardi - PK : Blake Smith, Christoffer Sedoff
Penalty Shots
Jared Davidson, Kole Lind, Mackenzie MacEachern, Tyler Madden, Ryder Rolston

Scratches
Brayden Tracey (Healthy), Michael Pezzetta (Healthy), Blake Biondi (Healthy), Cam Squires (Healthy), Justin Hryckowian (Healthy)
Peter DiLiberatore (Healthy), Trevor Janicke (Healthy), Ryan McAllister (Healthy), Isak Posch (Healthy), Tristan Lennox (Healthy)

LIMOILOU WOLF PACK

5 vs 5 Forward 
   Center                   Left Wing                Right Wing               Time % Phy DF OF 
 1 Vinni Lettieri           Colton Dach              Akil Thomas              36     1   2  2  
 2 Philippe Daoust          Jeff Malott              Nicolas Aube-Kubel       31     1   2  2  
 3 Jacob Perreault          Vinni Lettieri           Dominik Shine            23     1   2  2  
 4 Vinni Lettieri           Colton Dach              Philippe Daoust          10     1   2  2  

5 vs 5 Defense 
   Defense                  Defense                                           Time % Phy DF OF 
 1 Chad Ruhwedel            Sebastien Aho                                     36     1   2  2  
 2 Nicolas Deslauriers      Aidan Fulp                                        31     1   2  2  
 3 Charlie Wright           Jackson van de Leest                              23     1   2  2  
 4 Cam McDonald             Vincent Sevigny                                   10     1   2  2  

PowerPlay Forward 
   Center                   Left Wing                Right Wing               Time % Phy DF OF 
 1 Vinni Lettieri           Colton Dach              Akil Thomas              55     1   2  2  
 2 Philippe Daoust          Jeff Malott              Nicolas Aube-Kubel       45     1   2  2  

PowerPlay Defense
   Defense                  Defense                                           Time % Phy DF OF 
 1 Chad Ruhwedel            Sebastien Aho                                     55     1   2  2  
 2 Nicolas Deslauriers      Aidan Fulp                                        45     1   2  2  

Penalty Kill 4 Players Forward 
   Center                   Wing                     Time % Phy DF OF 
 1 Vinni Lettieri           Colton Dach              55     1   2  2  
 2 Philippe Daoust          Akil Thomas              45     1   2  2  

Penalty Kill 4 Players Defense
   Defense                  Defense                  Time % Phy DF OF 
 1 Chad Ruhwedel            Sebastien Aho            55     1   2  2  
 2 Nicolas Deslauriers      Aidan Fulp               45     1   2  2  

Penalty Kill - 3 Players Forward 
   Forward                                           Time % Phy DF OF 
 1 Vinni Lettieri                                    55     1   2  2  
 2 Colton Dach                                       45     1   2  2  

Penalty Kill - 3 Players Defense
   Defense                  Defense                  Time % Phy DF OF 
 1 Chad Ruhwedel            Sebastien Aho            55     1   2  2  
 2 Nicolas Deslauriers      Aidan Fulp               45     1   2  2  

4 vs 4 Forward 
   Center                   Wing                     Time % Phy DF OF 
 1 Vinni Lettieri           Colton Dach              55     1   2  2  
 2 Philippe Daoust          Akil Thomas              45     1   2  2  

4 vs 4 Defense
   Defense                  Defense                  Time % Phy DF OF 
 1 Chad Ruhwedel            Sebastien Aho            55     1   2  2  
 2 Nicolas Deslauriers      Aidan Fulp               45     1   2  2  

Last Minutes Offensive
   Center                   Left Wing                Right Wing               Defense                  Defense                  
   Vinni Lettieri           Colton Dach              Akil Thomas              Chad Ruhwedel            Sebastien Aho            

Last Minutes Defensive
   Center                   Left Wing                Right Wing               Defense                  Defense                  
   Vinni Lettieri           Colton Dach              Akil Thomas              Chad Ruhwedel            Sebastien Aho            

Goaltenders
Starting : Collin Delia             
Backup : Malcolm Subban           

Extra Forwards
Normal : Jacob Perreault, Dominik Shine, Vinni Lettieri - PP : Jacob Perreault, Dominik Shine - PK : Vinni Lettieri
Extra Defensemen
Normal : Lukas Fischer, Charlie Wright, Jackson van de Leest - PP : Lukas Fischer - PK : Charlie Wright, Jackson van de Leest
Penalty Shots
Vinni Lettieri, Colton Dach, Philippe Daoust, Akil Thomas, Nicolas Aube-Kubel

Scratches
Alex Suzdalev (Healthy), Arthur Kaliyev (Strained Left Knee Injury), Brendan Brisson (Torn Right MCL Injury)

% Time on Ice - MANCHESTER MONARCHS

Lines # - Real PCT - Wanted PCT - Time Play
Normal Forward
1 - 29% - 36% - 14:24
2 - 31% - 31% - 15:47
3 - 31% - 23% - 15:49
4 - 9% - 10% - 4:29
Normal Defense
1 - 35% - 36% - 17:41
2 - 30% - 31% - 14:59
3 - 32% - 23% - 16:06
4 - 3% - 10% - 1:43
PP Forward
1 - 40% - 55% - 1:26
2 - 60% - 45% - 2:08
PP Defense
1 - 42% - 55% - 1:29
2 - 58% - 45% - 2:05
PK Forward
1 - 60% - 55% - 3:34
2 - 40% - 45% - 2:23
PK Defense
1 - 58% - 55% - 3:27
2 - 42% - 45% - 2:30
PK3 Forward
1 - 0% - 55%
2 - 0% - 45%
PK3 Defense
1 - 0% - 55%
2 - 0% - 45%
44 Forward
1 - 0% - 55%
2 - 0% - 45%
44 Defense
1 - 0% - 55%
2 - 0% - 45%
Last Minute Offensive  - 0:00
Last Minute Defensive  - 0:00
Total
Forward - 60:00
Defense - 60:00

% Time on Ice - LIMOILOU WOLF PACK

Lines # - Real PCT - Wanted PCT - Time Play
Normal Forward
1 - 30% - 36% - 15:10
2 - 39% - 31% - 19:46
3 - 27% - 23% - 13:39
4 - 4% - 10% - 1:54
Normal Defense
1 - 32% - 36% - 16:13
2 - 26% - 31% - 12:59
3 - 26% - 23% - 13:11
4 - 16% - 10% - 8:06
PP Forward
1 - 53% - 55% - 3:09
2 - 47% - 45% - 2:48
PP Defense
1 - 51% - 55% - 3:01
2 - 49% - 45% - 2:56
PK Forward
1 - 67% - 55% - 2:23
2 - 33% - 45% - 1:11
PK Defense
1 - 53% - 55% - 1:54
2 - 47% - 45% - 1:40
PK3 Forward
1 - 0% - 55%
2 - 0% - 45%
PK3 Defense
1 - 0% - 55%
2 - 0% - 45%
44 Forward
1 - 0% - 55%
2 - 0% - 45%
44 Defense
1 - 0% - 55%
2 - 0% - 45%
Last Minute Offensive  - 0:00
Last Minute Defensive  - 0:00
Total
Forward - 60:00
Defense - 60:00

Play-by-Play

1st period


0:01 of 1st period - Jared Davidson wins face-off versus Vinni Lettieri in neutral zone.
0:21 of 1st period - Jared Davidson is hit by Colton Dach and loses puck.
0:26 of 1st period - Shot by Colton Dach.
0:26 of 1st period - Shot Blocked by Noah Juulsen.
0:28 of 1st period - Shot by Akil Thomas.
0:28 of 1st period - Shot Misses the Net.
1:35 of 1st period - Grigori Denisenko is hit by Jackson van de Leest and loses puck.
1:44 of 1st period - Tyler Madden is hit by Dominik Shine and loses puck.
1:58 of 1st period - Icing by Christoffer Sedoff.
1:59 of 1st period - Dominik Shine wins face-off versus Tyler Madden in MANCHESTER MONARCHS zone.
2:07 of 1st period - Akil Thomas is hit by Scooter Brickey.
2:19 of 1st period - Shot by Akil Thomas.
2:19 of 1st period - Stopped by Michael DiPietro with a rebound.
2:21 of 1st period - Shot by Colton Dach.
2:21 of 1st period - Shot Blocked by Scooter Brickey.
2:23 of 1st period - Shot by Colton Dach.
2:23 of 1st period - Shot Misses the Net.
2:25 of 1st period - Shot by Akil Thomas.
2:25 of 1st period - Stopped by Michael DiPietro without a rebound.
2:26 of 1st period - Nicholas Abruzzese wins face-off versus Philippe Daoust in MANCHESTER MONARCHS zone.
2:26 of 1st period - Nicholas Abruzzese is hit by Jeff Malott.
2:33 of 1st period - Nicolas Aube-Kubel is hit by Blake Smith and loses puck.
2:36 of 1st period - Shot by Nicolas Aube-Kubel.
2:36 of 1st period - Stopped by Michael DiPietro without a rebound.
2:37 of 1st period - Philippe Daoust wins face-off versus Jared Davidson in MANCHESTER MONARCHS zone.
2:43 of 1st period - Shot by Philippe Daoust.
2:43 of 1st period - Shot Misses the Net.
2:58 of 1st period - Nicolas Aube-Kubel is hit by Blake Smith and loses puck.
3:05 of 1st period - Shot by Jeff Malott.
3:05 of 1st period - Stopped by Michael DiPietro without a rebound.
3:06 of 1st period - Akil Thomas wins face-off versus Nicholas Abruzzese in MANCHESTER MONARCHS zone.
3:10 of 1st period - Vinni Lettieri is hit by Noah Juulsen and loses puck.
3:22 of 1st period - Icing by Vinni Lettieri.
3:23 of 1st period - Jared Davidson wins face-off versus Colton Dach in LIMOILOU WOLF PACK zone.
3:30 of 1st period - Shot by Jared Davidson.
3:30 of 1st period - Stopped by Collin Delia without a rebound.
3:31 of 1st period - Jacob Perreault wins face-off versus Nicholas Abruzzese in LIMOILOU WOLF PACK zone.
3:41 of 1st period - Shot by Jackson van de Leest.
3:41 of 1st period - Shot Blocked by Blake Smith.
3:43 of 1st period - Shot by Vinni Lettieri.
3:43 of 1st period - Shot Misses the Net.
3:45 of 1st period - Shot by Vinni Lettieri.
3:45 of 1st period - Stopped by Michael DiPietro without a rebound.
3:46 of 1st period - Philippe Daoust wins face-off versus Jared Davidson in MANCHESTER MONARCHS zone.
4:07 of 1st period - Shot by Mackenzie MacEachern.
4:07 of 1st period - Stopped by Collin Delia without a rebound.
4:08 of 1st period - Roni Hirvonen wins face-off versus Jacob Perreault in LIMOILOU WOLF PACK zone.
4:11 of 1st period - Shot by Nicholas Abruzzese.
4:11 of 1st period - Shot Misses the Net.
4:41 of 1st period - Shot by Chase Wheatcroft.
4:41 of 1st period - Shot Blocked by Vinni Lettieri.
4:43 of 1st period - Shot by Blake Smith.
4:43 of 1st period - Shot Misses the Net.
5:11 of 1st period - Shot by Jared Davidson.
5:11 of 1st period - Stopped by Collin Delia without a rebound.
5:12 of 1st period - Philippe Daoust wins face-off versus Tyler Madden in LIMOILOU WOLF PACK zone.
5:17 of 1st period - Shot by Jeff Malott.
5:17 of 1st period - Stopped by Michael DiPietro without a rebound.
5:18 of 1st period - Philippe Daoust wins face-off versus Tyler Madden in MANCHESTER MONARCHS zone.
5:26 of 1st period - Jeff Malott is hit by Christoffer Sedoff and loses puck.
5:29 of 1st period - Shot by Jeff Malott.
5:29 of 1st period - Stopped by Michael DiPietro with a rebound.
5:31 of 1st period - Shot by Nicolas Aube-Kubel.
5:31 of 1st period - Shot Misses the Net.
5:41 of 1st period - Shot by Jeff Malott.
5:41 of 1st period - Stopped by Michael DiPietro without a rebound.
5:42 of 1st period - Jared Davidson wins face-off versus Vinni Lettieri in MANCHESTER MONARCHS zone.
6:35 of 1st period - Vinni Lettieri is hit by Scooter Brickey and loses puck.
7:04 of 1st period - Shot by Jeff Malott.
7:04 of 1st period - Stopped by Michael DiPietro without a rebound.
7:05 of 1st period - Nicholas Abruzzese wins face-off versus Philippe Daoust in MANCHESTER MONARCHS zone.
7:57 of 1st period - Icing by Noah Juulsen.
7:58 of 1st period - Jacob Perreault wins face-off versus Jamieson Rees in MANCHESTER MONARCHS zone.
8:07 of 1st period - Shot by Jared Davidson.
8:07 of 1st period - Deflect By Jamieson Rees.
8:07 of 1st period - Stopped by Collin Delia without a rebound.
8:08 of 1st period - Jacob Perreault wins face-off versus Tyler Madden in LIMOILOU WOLF PACK zone.
8:14 of 1st period - Shot by Grigori Denisenko.
8:14 of 1st period - Stopped by Collin Delia without a rebound.
8:15 of 1st period - Jacob Perreault wins face-off versus Jared Davidson in LIMOILOU WOLF PACK zone.
8:15 of 1st period - Jacob Perreault is hit by Mackenzie MacEachern.
8:33 of 1st period - Jared Davidson is hit by Nicolas Deslauriers and loses puck.
8:38 of 1st period - Shot by Jared Davidson.
8:38 of 1st period - Shot Misses the Net.
8:40 of 1st period - Shot by Scooter Brickey.
8:40 of 1st period - Stopped by Collin Delia with a rebound.
8:43 of 1st period - Kole Lind is hit by Nicolas Deslauriers.
8:45 of 1st period - Shot by Jared Davidson.
8:45 of 1st period - Shot Misses the Net.
8:47 of 1st period - Shot by Mackenzie MacEachern.
8:47 of 1st period - Shot Misses the Net.
8:49 of 1st period - Shot by Christoffer Sedoff.
8:49 of 1st period - Stopped by Collin Delia with a rebound.
8:51 of 1st period - Shot by Scooter Brickey.
8:51 of 1st period - Shot Blocked by Vinni Lettieri.
8:53 of 1st period - Shot by Jared Davidson.
8:53 of 1st period - Stopped by Collin Delia without a rebound.
8:54 of 1st period - Philippe Daoust wins face-off versus Tyler Madden in LIMOILOU WOLF PACK zone.
8:59 of 1st period - Shot by Tyler Madden.
8:59 of 1st period - Stopped by Collin Delia without a rebound.
9:00 of 1st period - Philippe Daoust wins face-off versus Tyler Madden in LIMOILOU WOLF PACK zone.
9:00 of 1st period - Chad Ruhwedel is hit by Grigori Denisenko and loses puck.
9:10 of 1st period - Minor Penalty to Noah Juulsen for Interference.
9:11 of 1st period - Vinni Lettieri wins face-off versus Jared Davidson in MANCHESTER MONARCHS zone.
9:26 of 1st period - Shot by Vinni Lettieri.
9:26 of 1st period - Deflect By Colton Dach.
9:26 of 1st period - Stopped by Michael DiPietro without a rebound.
9:27 of 1st period - Philippe Daoust wins face-off versus Jared Davidson in MANCHESTER MONARCHS zone.
9:36 of 1st period - Shot by Nicolas Aube-Kubel.
9:36 of 1st period - Stopped by Michael DiPietro with a rebound.
9:56 of 1st period - Shot by Jared Davidson.
9:56 of 1st period - Shot Blocked by Aidan Fulp.
10:30 of 1st period - Off-side.
10:31 of 1st period - Mackenzie MacEachern wins face-off versus Vinni Lettieri in neutral zone.
10:52 of 1st period - Shot by Colton Dach.
10:52 of 1st period - Shot Blocked by Ty Smith.
11:16 of 1st period - Shot by Philippe Daoust.
11:16 of 1st period - Stopped by Michael DiPietro without a rebound.
11:17 of 1st period - Nicholas Abruzzese wins face-off versus Colton Dach in MANCHESTER MONARCHS zone.
11:17 of 1st period - Nicholas Abruzzese is hit by Dominik Shine.
11:42 of 1st period - Nicholas Abruzzese is hit by Jackson van de Leest and loses puck.
12:33 of 1st period - Shot by Grigori Denisenko.
12:33 of 1st period - Deflect By Tyler Madden.
12:33 of 1st period - Shot Hit the Post.
12:47 of 1st period - Shot by Mackenzie MacEachern.
12:47 of 1st period - Shot Misses the Net.
12:51 of 1st period - Shot by Mackenzie MacEachern.
12:51 of 1st period - Shot Blocked by Vincent Sevigny.
12:53 of 1st period - Shot by Noah Juulsen.
12:53 of 1st period - Stopped by Collin Delia with a rebound.
12:55 of 1st period - Shot by Noah Juulsen.
12:55 of 1st period - Shot Misses the Net.
13:15 of 1st period - Shot by Jared Davidson.
13:15 of 1st period - Shot Misses the Net.
13:27 of 1st period - Shot by Nicholas Abruzzese.
13:27 of 1st period - Goal by Nicholas Abruzzese - MANCHESTER MONARCHS : 1 - LIMOILOU WOLF PACK : 0.
13:28 of 1st period - Jacob Perreault wins face-off versus Nicholas Abruzzese in neutral zone.
14:21 of 1st period - Shot by Vinni Lettieri.
14:21 of 1st period - Shot Misses the Net.
14:23 of 1st period - Shot by Colton Dach.
14:23 of 1st period - Deflect By Vinni Lettieri.
14:23 of 1st period - Stopped by Michael DiPietro without a rebound.
14:24 of 1st period - Jacob Perreault wins face-off versus Tyler Madden in MANCHESTER MONARCHS zone.
14:25 of 1st period - Shot by Akil Thomas.
14:25 of 1st period - Shot Misses the Net.
14:28 of 1st period - Icing by Blake Smith.
14:29 of 1st period - Tyler Madden wins face-off versus Vinni Lettieri in MANCHESTER MONARCHS zone.
14:29 of 1st period - Tyler Madden is hit by Colton Dach.
14:40 of 1st period - Vinni Lettieri is hit by Blake Smith.
15:04 of 1st period - Icing by David Gucciardi.
15:05 of 1st period - Tyler Madden wins face-off versus Jacob Perreault in MANCHESTER MONARCHS zone.
15:20 of 1st period - Minor Penalty to Mackenzie MacEachern for High sticking.
15:21 of 1st period - Philippe Daoust wins face-off versus Jared Davidson in MANCHESTER MONARCHS zone.
16:02 of 1st period - Shot by Colton Dach.
16:02 of 1st period - Deflect By Akil Thomas.
16:02 of 1st period - Stopped by Michael DiPietro without a rebound.
16:03 of 1st period - Vinni Lettieri wins face-off versus Chase Wheatcroft in MANCHESTER MONARCHS zone.
16:16 of 1st period - Shot by Tyler Madden.
16:16 of 1st period - Stopped by Collin Delia with a rebound.
17:23 of 1st period - Minor Penalty to Dominik Shine for Hooking.
17:24 of 1st period - Tyler Madden wins face-off versus Akil Thomas in LIMOILOU WOLF PACK zone.
17:42 of 1st period - Shot by Grigori Denisenko.
17:42 of 1st period - Shot Misses the Net.
17:48 of 1st period - Shot by Noah Juulsen.
17:48 of 1st period - Stopped by Collin Delia with a rebound.
18:06 of 1st period - Shot by Colton Dach.
18:06 of 1st period - Shot Blocked by Scooter Brickey.
18:08 of 1st period - Shot by Vinni Lettieri.
18:08 of 1st period - Stopped by Michael DiPietro without a rebound.
18:09 of 1st period - Vinni Lettieri wins face-off versus Jared Davidson in MANCHESTER MONARCHS zone.
18:58 of 1st period - Shot by Grigori Denisenko.
18:58 of 1st period - Goal by Grigori Denisenko - MANCHESTER MONARCHS : 2 - LIMOILOU WOLF PACK : 0.
18:59 of 1st period - Nicholas Abruzzese wins face-off versus Jacob Perreault in neutral zone.
19:13 of 1st period - Shot by Jacob Perreault.
19:13 of 1st period - Deflect By Vinni Lettieri.
19:13 of 1st period - Shot Blocked by Chase Wheatcroft.
19:15 of 1st period - Shot by Dominik Shine.
19:15 of 1st period - Stopped by Michael DiPietro without a rebound.
19:16 of 1st period - Philippe Daoust wins face-off versus Grigori Denisenko in MANCHESTER MONARCHS zone.
19:21 of 1st period - Icing by Scooter Brickey.
19:22 of 1st period - Philippe Daoust wins face-off versus Grigori Denisenko in MANCHESTER MONARCHS zone.
19:40 of 1st period - Shot by Cam McDonald.
19:40 of 1st period - Stopped by Michael DiPietro without a rebound.
19:41 of 1st period - Jared Davidson wins face-off versus Vinni Lettieri in MANCHESTER MONARCHS zone.
19:43 of 1st period - Icing by Noah Juulsen.
19:44 of 1st period - Vinni Lettieri wins face-off versus Jared Davidson in MANCHESTER MONARCHS zone.
19:45 of 1st period - Shot by Colton Dach.
19:45 of 1st period - Shot Misses the Net.
19:47 of 1st period - Shot by Vinni Lettieri.
19:47 of 1st period - Stopped by Michael DiPietro without a rebound.
19:48 of 1st period - Vinni Lettieri wins face-off versus Jared Davidson in MANCHESTER MONARCHS zone.
19:51 of 1st period - Shot by Vinni Lettieri.
19:51 of 1st period - Shot Misses the Net.
Goals for this period are 2 for MANCHESTER MONARCHS vs 0 for LIMOILOU WOLF PACK.
Shots for this period are 14 for MANCHESTER MONARCHS vs 18 for LIMOILOU WOLF PACK.

2nd period


0:01 of 2nd period - Jared Davidson wins face-off versus Vinni Lettieri in neutral zone.
0:04 of 2nd period - Shot by Jared Davidson.
0:04 of 2nd period - Stopped by Collin Delia without a rebound.
0:05 of 2nd period - Vinni Lettieri wins face-off versus Jared Davidson in LIMOILOU WOLF PACK zone.
0:05 of 2nd period - Vinni Lettieri is hit by Mackenzie MacEachern.
0:22 of 2nd period - Colton Dach is hit by Noah Juulsen and loses puck.
0:25 of 2nd period - Shot by Chad Ruhwedel.
0:25 of 2nd period - Shot Blocked by Ty Smith.
0:27 of 2nd period - Shot by Chad Ruhwedel.
0:27 of 2nd period - Shot Misses the Net.
0:59 of 2nd period - Jeff Malott is hit by Grigori Denisenko and loses puck.
1:14 of 2nd period - Shot by Jeff Malott.
1:14 of 2nd period - Shot Blocked by Scooter Brickey.
1:16 of 2nd period - Shot by Nicolas Aube-Kubel.
1:16 of 2nd period - Shot Misses the Net.
1:36 of 2nd period - Shot by Dominik Shine.
1:36 of 2nd period - Stopped by Michael DiPietro without a rebound.
1:37 of 2nd period - Nicholas Abruzzese wins face-off versus Jacob Perreault in MANCHESTER MONARCHS zone.
1:49 of 2nd period - Shot by Chase Wheatcroft.
1:49 of 2nd period - Shot Blocked by Cam McDonald.
1:49 of 2nd period - Cam McDonald from LIMOILOU WOLF PACK is injured at 1:49 of 2nd period (Bruised Left Leg).
1:50 of 2nd period - Vinni Lettieri wins face-off versus Jamieson Rees in LIMOILOU WOLF PACK zone.
1:50 of 2nd period - Vinni Lettieri is hit by Chase Stillman.
2:02 of 2nd period - Colton Dach is hit by Blake Smith and loses puck.
2:13 of 2nd period - Colton Dach is hit by Blake Smith and loses puck.
3:01 of 2nd period - Chase Wheatcroft is hit by Nicolas Aube-Kubel and loses puck.
3:16 of 2nd period - Shot by Philippe Daoust.
3:16 of 2nd period - Stopped by Michael DiPietro without a rebound.
3:17 of 2nd period - Philippe Daoust wins face-off versus Tyler Madden in MANCHESTER MONARCHS zone.
3:45 of 2nd period - Shot by Nicolas Aube-Kubel.
3:45 of 2nd period - Stopped by Michael DiPietro without a rebound.
3:46 of 2nd period - Jacob Perreault wins face-off versus Jared Davidson in MANCHESTER MONARCHS zone.
3:46 of 2nd period - Dominik Shine is hit by Blake Smith and loses puck.
4:13 of 2nd period - Icing by Chad Ruhwedel.
4:14 of 2nd period - Jacob Perreault wins face-off versus Ryder Rolston in LIMOILOU WOLF PACK zone.
4:27 of 2nd period - Shot by Ryder Rolston.
4:27 of 2nd period - Shot Misses the Net.
4:33 of 2nd period - Shot by Grigori Denisenko.
4:33 of 2nd period - Stopped by Collin Delia with a rebound.
5:13 of 2nd period - Shot by Philippe Daoust.
5:13 of 2nd period - Stopped by Michael DiPietro without a rebound.
5:14 of 2nd period - Jeff Malott wins face-off versus Nicholas Abruzzese in MANCHESTER MONARCHS zone.
5:22 of 2nd period - Icing by Blake Smith.
5:23 of 2nd period - Philippe Daoust wins face-off versus Nicholas Abruzzese in MANCHESTER MONARCHS zone.
5:36 of 2nd period - Shot by Jeff Malott.
5:36 of 2nd period - Shot Misses the Net.
5:51 of 2nd period - Shot by Nicolas Aube-Kubel.
5:51 of 2nd period - Shot Blocked by David Gucciardi.
6:17 of 2nd period - Shot by Vinni Lettieri.
6:17 of 2nd period - Stopped by Michael DiPietro without a rebound.
6:18 of 2nd period - Tyler Madden wins face-off versus Vinni Lettieri in MANCHESTER MONARCHS zone.
6:18 of 2nd period - Noah Juulsen is hit by Colton Dach and loses puck.
6:28 of 2nd period - Shot by Vinni Lettieri.
6:28 of 2nd period - Stopped by Michael DiPietro without a rebound.
6:29 of 2nd period - Jared Davidson wins face-off versus Vinni Lettieri in MANCHESTER MONARCHS zone.
6:43 of 2nd period - Akil Thomas is hit by Christoffer Sedoff and loses puck.
6:53 of 2nd period - Shot by Vinni Lettieri.
6:53 of 2nd period - Shot Misses the Net.
6:55 of 2nd period - Shot by Colton Dach.
6:55 of 2nd period - Stopped by Michael DiPietro with a rebound.
7:19 of 2nd period - Shot by Nicolas Aube-Kubel.
7:19 of 2nd period - Shot Blocked by Noah Juulsen.
7:21 of 2nd period - Shot by Jeff Malott.
7:21 of 2nd period - Stopped by Michael DiPietro without a rebound.
7:22 of 2nd period - Jacob Perreault wins face-off versus Tyler Madden in MANCHESTER MONARCHS zone.
8:16 of 2nd period - Shot by Philippe Daoust.
8:16 of 2nd period - Stopped by Michael DiPietro without a rebound.
8:17 of 2nd period - Jacob Perreault wins face-off versus Jared Davidson in MANCHESTER MONARCHS zone.
8:24 of 2nd period - Shot by Colton Dach.
8:24 of 2nd period - Shot Misses the Net.
8:32 of 2nd period - Shot by Akil Thomas.
8:32 of 2nd period - Shot Misses the Net.
8:34 of 2nd period - Shot by Akil Thomas.
8:34 of 2nd period - Deflect By Colton Dach.
8:34 of 2nd period - Shot Blocked by Scooter Brickey.
8:36 of 2nd period - Shot by Akil Thomas.
8:36 of 2nd period - Stopped by Michael DiPietro without a rebound.
8:37 of 2nd period - Nicholas Abruzzese wins face-off versus Philippe Daoust in MANCHESTER MONARCHS zone.
8:56 of 2nd period - Shot by Jeff Malott.
8:56 of 2nd period - Shot Blocked by David Gucciardi.
9:06 of 2nd period - Shot by Philippe Daoust.
9:06 of 2nd period - Stopped by Michael DiPietro without a rebound.
9:07 of 2nd period - Jared Davidson wins face-off versus Colton Dach in MANCHESTER MONARCHS zone.
9:22 of 2nd period - Shot by Mackenzie MacEachern.
9:22 of 2nd period - Stopped by Collin Delia without a rebound.
9:23 of 2nd period - Tyler Madden wins face-off versus Jacob Perreault in LIMOILOU WOLF PACK zone.
9:24 of 2nd period - Shot by Ryder Rolston.
9:24 of 2nd period - Shot Blocked by Charlie Wright.
9:26 of 2nd period - Shot by Scooter Brickey.
9:26 of 2nd period - Stopped by Collin Delia with a rebound.
9:28 of 2nd period - Shot by Scooter Brickey.
9:28 of 2nd period - Shot Blocked by Vinni Lettieri.
9:36 of 2nd period - Shot by Ryder Rolston.
9:36 of 2nd period - Shot Blocked by Dominik Shine.
10:04 of 2nd period - Shot by Ryder Rolston.
10:04 of 2nd period - Deflect By Grigori Denisenko.
10:04 of 2nd period - Stopped by Collin Delia without a rebound.
10:05 of 2nd period - Philippe Daoust wins face-off versus Jared Davidson in LIMOILOU WOLF PACK zone.
10:16 of 2nd period - Shot by Jeff Malott.
10:16 of 2nd period - Shot Misses the Net.
10:31 of 2nd period - Shot by Philippe Daoust.
10:31 of 2nd period - Shot Misses the Net.
11:12 of 2nd period - Shot by Vinni Lettieri.
11:12 of 2nd period - Deflect By Colton Dach.
11:12 of 2nd period - Shot Misses the Net.
11:14 of 2nd period - Shot by Vinni Lettieri.
11:14 of 2nd period - Shot Misses the Net.
12:56 of 2nd period - Icing by Jackson van de Leest.
12:57 of 2nd period - Jared Davidson wins face-off versus Jacob Perreault in LIMOILOU WOLF PACK zone.
12:58 of 2nd period - Shot by Kole Lind.
12:58 of 2nd period - Shot Misses the Net.
13:03 of 2nd period - Dominik Shine is hit by Noah Juulsen and loses puck.
13:20 of 2nd period - Shot by Jeff Malott.
13:20 of 2nd period - Stopped by Michael DiPietro without a rebound.
13:21 of 2nd period - Jamieson Rees wins face-off versus Philippe Daoust in MANCHESTER MONARCHS zone.
13:40 of 2nd period - Shot by Jeff Malott.
13:40 of 2nd period - Shot Hit the Post.
13:42 of 2nd period - Shot by Nicolas Aube-Kubel.
13:42 of 2nd period - Shot Misses the Net.
13:44 of 2nd period - Shot by Nicolas Aube-Kubel.
13:44 of 2nd period - Shot Misses the Net.
14:11 of 2nd period - Shot by Akil Thomas.
14:11 of 2nd period - Shot Misses the Net.
14:13 of 2nd period - Shot by Vinni Lettieri.
14:13 of 2nd period - Deflect By Akil Thomas.
14:13 of 2nd period - Stopped by Michael DiPietro without a rebound.
14:14 of 2nd period - Tyler Madden wins face-off versus Vinni Lettieri in MANCHESTER MONARCHS zone.
14:21 of 2nd period - Shot by Tyler Madden.
14:21 of 2nd period - Stopped by Collin Delia without a rebound.
14:22 of 2nd period - Ryder Rolston wins face-off versus Vinni Lettieri in LIMOILOU WOLF PACK zone.
14:58 of 2nd period - Shot by Grigori Denisenko.
14:58 of 2nd period - Shot Misses the Net.
15:26 of 2nd period - Shot by Jeff Malott.
15:26 of 2nd period - Shot Blocked by David Gucciardi.
15:28 of 2nd period - Shot by Nicolas Aube-Kubel.
15:28 of 2nd period - Shot Misses the Net.
15:30 of 2nd period - Shot by Aidan Fulp.
15:30 of 2nd period - Deflect By Jeff Malott.
15:30 of 2nd period - Shot Blocked by David Gucciardi.
15:45 of 2nd period - Shot by Nicholas Abruzzese.
15:45 of 2nd period - Shot Hit the Post.
16:18 of 2nd period - Icing by Aidan Fulp.
16:19 of 2nd period - Jacob Perreault wins face-off versus Tyler Madden in LIMOILOU WOLF PACK zone.
16:19 of 2nd period - Nicolas Aube-Kubel is hit by Grigori Denisenko and loses puck.
16:25 of 2nd period - Off-side.
16:26 of 2nd period - Jared Davidson wins face-off versus Colton Dach in neutral zone.
16:37 of 2nd period - Icing by Colton Dach.
16:38 of 2nd period - Dominik Shine wins face-off versus Tyler Madden in LIMOILOU WOLF PACK zone.
16:38 of 2nd period - Dominik Shine is hit by Grigori Denisenko.
16:44 of 2nd period - Shot by Ryder Rolston.
16:44 of 2nd period - Stopped by Collin Delia without a rebound.
16:45 of 2nd period - Jared Davidson wins face-off versus Vinni Lettieri in LIMOILOU WOLF PACK zone.
16:48 of 2nd period - Shot by Jared Davidson.
16:48 of 2nd period - Shot Misses the Net.
16:57 of 2nd period - Vinni Lettieri is hit by Noah Juulsen and loses puck.
17:13 of 2nd period - Shot by Colton Dach.
17:13 of 2nd period - Shot Misses the Net.
17:48 of 2nd period - Shot by Dominik Shine.
17:48 of 2nd period - Shot Misses the Net.
18:30 of 2nd period - Shot by Ryder Rolston.
18:30 of 2nd period - Stopped by Collin Delia with a rebound.
18:40 of 2nd period - Shot by Tyler Madden.
18:40 of 2nd period - Deflect By Grigori Denisenko.
18:40 of 2nd period - Shot Misses the Net.
19:10 of 2nd period - Shot by Roni Hirvonen.
19:10 of 2nd period - Stopped by Collin Delia without a rebound.
19:11 of 2nd period - Vinni Lettieri wins face-off versus Nicholas Abruzzese in LIMOILOU WOLF PACK zone.
19:17 of 2nd period - Icing by Colton Dach.
19:18 of 2nd period - Nicholas Abruzzese wins face-off versus Vinni Lettieri in LIMOILOU WOLF PACK zone.
19:42 of 2nd period - Shot by Nicholas Abruzzese.
19:42 of 2nd period - Shot Misses the Net.
Goals for this period are 0 for MANCHESTER MONARCHS vs 0 for LIMOILOU WOLF PACK.
Shots for this period are 9 for MANCHESTER MONARCHS vs 13 for LIMOILOU WOLF PACK.

3rd period


0:01 of 3rd period - Jared Davidson wins face-off versus Vinni Lettieri in neutral zone.
0:11 of 3rd period - Shot by Akil Thomas.
0:11 of 3rd period - Deflect By Vinni Lettieri.
0:11 of 3rd period - Shot Blocked by Noah Juulsen.
1:14 of 3rd period - Shot by Philippe Daoust.
1:14 of 3rd period - Stopped by Michael DiPietro without a rebound.
1:15 of 3rd period - Nicholas Abruzzese wins face-off versus Jacob Perreault in MANCHESTER MONARCHS zone.
1:15 of 3rd period - Nicholas Abruzzese is hit by Dominik Shine.
1:42 of 3rd period - Minor Penalty to Jackson van de Leest for Interference.
1:43 of 3rd period - Tyler Madden wins face-off versus Vinni Lettieri in LIMOILOU WOLF PACK zone.
1:56 of 3rd period - Shot by Grigori Denisenko.
1:56 of 3rd period - Shot Misses the Net.
1:58 of 3rd period - Shot by Christoffer Sedoff.
1:58 of 3rd period - Stopped by Collin Delia without a rebound.
1:59 of 3rd period - Tyler Madden wins face-off versus Akil Thomas in LIMOILOU WOLF PACK zone.
3:14 of 3rd period - Shot by Kole Lind.
3:14 of 3rd period - Shot Blocked by Aidan Fulp.
4:00 of 3rd period - Shot by Philippe Daoust.
4:00 of 3rd period - Stopped by Michael DiPietro without a rebound.
4:01 of 3rd period - Jacob Perreault wins face-off versus Jamieson Rees in MANCHESTER MONARCHS zone.
4:23 of 3rd period - Shot by Dominik Shine.
4:23 of 3rd period - Shot Blocked by Blake Smith.
4:25 of 3rd period - Shot by Vinni Lettieri.
4:25 of 3rd period - Stopped by Michael DiPietro without a rebound.
4:26 of 3rd period - Philippe Daoust wins face-off versus Nicholas Abruzzese in MANCHESTER MONARCHS zone.
4:26 of 3rd period - Philippe Daoust is hit by Noah Juulsen.
4:57 of 3rd period - Shot by Jeff Malott.
4:57 of 3rd period - Stopped by Michael DiPietro without a rebound.
4:58 of 3rd period - Grigori Denisenko wins face-off versus Vinni Lettieri in MANCHESTER MONARCHS zone.
5:08 of 3rd period - Shot by Tyler Madden.
5:08 of 3rd period - Shot Blocked by Vinni Lettieri.
5:22 of 3rd period - Shot by Ryder Rolston.
5:22 of 3rd period - Shot Misses the Net.
5:24 of 3rd period - Shot by Christoffer Sedoff.
5:24 of 3rd period - Shot Blocked by Colton Dach.
5:26 of 3rd period - Shot by Christoffer Sedoff.
5:26 of 3rd period - Shot Misses the Net.
5:58 of 3rd period - Shot by Mackenzie MacEachern.
5:58 of 3rd period - Stopped by Collin Delia without a rebound.
5:59 of 3rd period - Philippe Daoust wins face-off versus Nicholas Abruzzese in LIMOILOU WOLF PACK zone.
7:49 of 3rd period - Icing by Ryder Rolston.
7:50 of 3rd period - Jacob Perreault wins face-off versus Tyler Madden in MANCHESTER MONARCHS zone.
8:13 of 3rd period - Shot by Colton Dach.
8:13 of 3rd period - Deflect By Akil Thomas.
8:13 of 3rd period - Shot Misses the Net.
8:15 of 3rd period - Shot by Nicolas Deslauriers.
8:15 of 3rd period - Shot Misses the Net.
8:17 of 3rd period - Shot by Colton Dach.
8:17 of 3rd period - Deflect By Jacob Perreault.
8:17 of 3rd period - Stopped by Michael DiPietro with a rebound.
8:19 of 3rd period - Shot by Akil Thomas.
8:19 of 3rd period - Stopped by Michael DiPietro without a rebound.
8:20 of 3rd period - Jamieson Rees wins face-off versus Jacob Perreault in MANCHESTER MONARCHS zone.
8:20 of 3rd period - Jamieson Rees is hit by Dominik Shine.
8:35 of 3rd period - Shot by Jared Davidson.
8:35 of 3rd period - Stopped by Collin Delia without a rebound.
8:36 of 3rd period - Nicholas Abruzzese wins face-off versus Vinni Lettieri in LIMOILOU WOLF PACK zone.
8:55 of 3rd period - Shot by Colton Dach.
8:55 of 3rd period - Shot Misses the Net.
8:57 of 3rd period - Shot by Charlie Wright.
8:57 of 3rd period - Stopped by Michael DiPietro without a rebound.
8:58 of 3rd period - Philippe Daoust wins face-off versus Jared Davidson in MANCHESTER MONARCHS zone.
9:09 of 3rd period - Shot by Philippe Daoust.
9:09 of 3rd period - Stopped by Michael DiPietro without a rebound.
9:10 of 3rd period - Vinni Lettieri wins face-off versus Grigori Denisenko in MANCHESTER MONARCHS zone.
9:24 of 3rd period - Shot by Akil Thomas.
9:24 of 3rd period - Stopped by Michael DiPietro without a rebound.
9:25 of 3rd period - Philippe Daoust wins face-off versus Jared Davidson in MANCHESTER MONARCHS zone.
9:48 of 3rd period - Shot by Mackenzie MacEachern.
9:48 of 3rd period - Deflect By Jared Davidson.
9:48 of 3rd period - Shot Blocked by Chad Ruhwedel.
10:32 of 3rd period - Shot by Colton Dach.
10:32 of 3rd period - Stopped by Michael DiPietro without a rebound.
10:33 of 3rd period - Nicholas Abruzzese wins face-off versus Jacob Perreault in MANCHESTER MONARCHS zone.
10:39 of 3rd period - Dominik Shine is hit by Blake Smith and loses puck.
10:42 of 3rd period - Shot by Vinni Lettieri.
10:42 of 3rd period - Shot Misses the Net.
10:50 of 3rd period - Shot by Chase Wheatcroft.
10:50 of 3rd period - Goal by Chase Wheatcroft - MANCHESTER MONARCHS : 3 - LIMOILOU WOLF PACK : 0.
10:51 of 3rd period - Tyler Madden wins face-off versus Vinni Lettieri in neutral zone.
11:48 of 3rd period - Shot by Jared Davidson.
11:48 of 3rd period - Shot Misses the Net.
12:04 of 3rd period - Shot by Mackenzie MacEachern.
12:04 of 3rd period - Shot Blocked by Charlie Wright.
12:29 of 3rd period - Off-side.
12:30 of 3rd period - Vinni Lettieri wins face-off versus Nicholas Abruzzese in neutral zone.
13:42 of 3rd period - Akil Thomas is hit by Blake Smith and loses puck.
14:57 of 3rd period - Shot by Nicolas Aube-Kubel.
14:57 of 3rd period - Stopped by Michael DiPietro with a rebound.
14:59 of 3rd period - Shot by Vinni Lettieri.
14:59 of 3rd period - Shot Misses the Net.
15:01 of 3rd period - Shot by Vinni Lettieri.
15:01 of 3rd period - Goal by Vinni Lettieri - MANCHESTER MONARCHS : 3 - LIMOILOU WOLF PACK : 1.
15:02 of 3rd period - Jacob Perreault wins face-off versus Jared Davidson in neutral zone.
15:07 of 3rd period - Jared Davidson is hit by Vinni Lettieri and loses puck.
15:16 of 3rd period - Shot by Jacob Perreault.
15:16 of 3rd period - Stopped by Michael DiPietro with a rebound.
15:18 of 3rd period - Shot by Jackson van de Leest.
15:18 of 3rd period - Shot Misses the Net.
15:22 of 3rd period - Shot by Oskar Pettersson.
15:22 of 3rd period - Shot Misses the Net.
15:23 of 3rd period - Minor Penalty to Noah Juulsen for Holding Stick.
15:24 of 3rd period - Jared Davidson wins face-off versus Dominik Shine in MANCHESTER MONARCHS zone.
15:44 of 3rd period - Shot by Tyler Madden.
15:44 of 3rd period - Shot Misses the Net.
16:14 of 3rd period - Shot by Jeff Malott.
16:14 of 3rd period - Stopped by Michael DiPietro with a rebound.
16:24 of 3rd period - Shot by Chad Ruhwedel.
16:24 of 3rd period - Stopped by Michael DiPietro without a rebound.
16:25 of 3rd period - Vinni Lettieri wins face-off versus Jared Davidson in MANCHESTER MONARCHS zone.
16:25 of 3rd period - Vinni Lettieri is hit by Scooter Brickey.
16:43 of 3rd period - Shot by Jacob Perreault.
16:43 of 3rd period - Shot Blocked by Jared Davidson.
17:16 of 3rd period - Mackenzie MacEachern is hit by Nicolas Aube-Kubel and loses puck.
17:32 of 3rd period - Shot by Vinni Lettieri.
17:32 of 3rd period - Shot Misses the Net.
17:34 of 3rd period - Shot by Colton Dach.
17:34 of 3rd period - Stopped by Michael DiPietro with a rebound.
17:36 of 3rd period - Shot by Vinni Lettieri.
17:36 of 3rd period - Shot Blocked by Noah Juulsen.
17:38 of 3rd period - Shot by Vinni Lettieri.
17:38 of 3rd period - Stopped by Michael DiPietro with a rebound.
18:58 of 3rd period - Shot by Nicolas Aube-Kubel.
18:58 of 3rd period - Shot Misses the Net.
19:04 of 3rd period - Chad Ruhwedel is hit by Daniil Zhilkin and loses puck.
19:40 of 3rd period - Shot by Grigori Denisenko.
19:40 of 3rd period - Stopped by Collin Delia without a rebound.
19:41 of 3rd period - Jared Davidson wins face-off versus Vinni Lettieri in LIMOILOU WOLF PACK zone.
19:58 of 3rd period - Shot by Jared Davidson.
19:58 of 3rd period - Shot Misses the Net.
Goals for this period are 1 for MANCHESTER MONARCHS vs 1 for LIMOILOU WOLF PACK.
Shots for this period are 5 for MANCHESTER MONARCHS vs 17 for LIMOILOU WOLF PACK.